 Dungeon Crawl Stone Soup version 0.27-a0-577-ge2a43ba0c9 (webtiles) character file.

Game seed: 1953333692468250642

144 wakim the Sneak (level 5, 0/32 HPs)
             Began as a Kobold Brigand on Mar 9, 2021.
             Slain by a lemure (4 damage)
             ... led by Pikel
             ... on level 3 of the Dungeon.
             The game lasted 00:11:50 (3776 turns).

wakim the Sneak (Kobold Brigand)                    Turns: 3776, Time: 00:11:51

Health: 0/32       AC:  4    Str:  9    XL:     5   Next: 51%
Magic:  5/5        EV: 15    Int: 12    God:
Gold:   172        SH:  0    Dex: 17    Spells: 4/4 levels left

rFire    . . .     SeeInvis .   a - +2 dagger
rCold    . . .     Faith    .   (shield restricted)
rNeg     . . .     Spirit   .   b - +0 robe
rPois    .         Reflect  .   (no helmet)
rElec    .         Harm     .   s - +0 cloak {Stlth+}
rCorr    .         Rampage  .   o - +0 pair of gloves
Will     .....                  (no boots)
Stlth    ++++......             (no amulet)
HPRegen  0.10/turn              (no ring)
MPRegen  0.09/turn              (no ring)

@: no status effects
A: small, nightstalker 3
a: no special abilities


You were on level 3 of the Dungeon.
You visited 1 branch of the dungeon, and saw 4 of its levels.

You collected 172 gold pieces.

Inventory:

Hand Weapons
 a - a +2 dagger (weapon)
Missiles
 d - a poisoned dart (quivered)
 e - 2 curare-tipped darts
Armour
 b - a +0 robe (worn)
 c - a +1 cloak
 o - a +0 pair of gloves (worn)
 s - a +0 cloak of stealth (worn)
Scrolls
 f - a scroll of magic mapping
 i - 7 scrolls of enchant armour
 l - a scroll of noise {unknown}
 n - 5 scrolls of teleportation {unknown}
 p - a scroll of blinking {unknown}
 q - 2 scrolls of identify {unknown}
 r - a scroll of random uselessness {unknown}
 t - a scroll of fear {unknown}
Potions
 g - 2 potions of brilliance {unknown}
 h - a potion of magic {unknown}
 j - a potion of resistance {unknown}
 k - a potion of heal wounds {unknown}
 m - 2 potions of curing {unknown}
 u - a potion of flight {unknown}


   Skills:
 + Level 2.8 Fighting
 * Level 4.3 Short Blades
 - Level 2.1 Throwing
 + Level 0.7 Armour
 * Level 3.0 Dodging
 * Level 6.5 Stealth


You had 4 spell levels left.
You didn't know any spells.
Your spell library was empty.

Dungeon Overview and Level Annotations

Branches:
Dungeon (4/15)
 Temple: D:4-7

Altars:
Fedhas
Trog

Annotations:
D:4 Pikel


Innate Abilities, Weirdness & Mutations

You are small and have problems with some larger weapons.
You are completely attuned to the shadows.


Message History

The lemure looks even sicker.
The lemure hits you.
* * * LOW HITPOINT WARNING * * *
Throw: 6 darts (poison)
Press: ? - help, Q - select action, (/) - cycle Shift-Dir - straight line, f/p - lemure
Aim: a lemure (heavily wounded, poisoned, 55% to hit)
You throw a poisoned dart.
The poisoned dart barely misses the lemure.
The lemure hits you.
* * * LOW HITPOINT WARNING * * *
Throw: 5 darts (poison)
Press: ? - help, Q - select action, (/) - cycle Shift-Dir - straight line, f/p - lemure
Aim: a lemure (heavily wounded, poisoned, 55% to hit)
You throw a poisoned dart.
The poisoned dart closely misses the lemure.
The lemure misses you.
The lemure looks more healthy.
Throw: 4 darts (poison)
Press: ? - help, Q - select action, (/) - cycle Shift-Dir - straight line, f/p - lemure
Aim: a lemure (heavily wounded, 55% to hit)
You throw a poisoned dart. The poisoned dart hits the lemure.
The lemure is poisoned.
The lemure is heavily wounded.
The lemure closely misses you.
Throw: 3 darts (poison)
Press: ? - help, Q - select action, (/) - cycle Shift-Dir - straight line, f/p - lemure
Aim: a lemure (severely wounded, poisoned, 55% to hit)
You throw a poisoned dart. The poisoned dart hits the lemure.
The lemure looks even sicker.
The lemure is severely wounded.
The lemure hits you!
* * * LOW HITPOINT WARNING * * *
Throw: 2 darts (poison)
Press: ? - help, Q - select action, (/) - cycle Shift-Dir - straight line, f/p - lemure
Aim: a lemure (almost dead, poisoned, 55% to hit)
You throw a poisoned dart. The poisoned dart hits the lemure.
The lemure looks even sicker.
The lemure is almost dead.
The lemure hits you.
You die...

.........#.#
####.#..##.#
####.#..##.##########
(......(......(....>#
####.#..##.########.#
# #.#.[##.# #...# ##
#.#.....# #.### .#
#.#.###+######5#
.###.#.##.......@.#
.##....##.........#
..)..####.........#
...#.####.........#
........'.........#
...#.####.........#
...#.# #####.###.#
.#.(.########.# #.#
..........)...# #.#


You could see a lemure (very poisoned).

Vanquished Creatures
  A hound zombie (D:3)
  4 adders
  An ooze (D:3)
  3 dart slugs
  3 leopard geckos
  An orc (D:3)
  6 bats
  4 giant cockroaches
  7 goblins
  9 hobgoblins
  12 jackals
  6 kobolds
  4 quokkas (D:2)
  2 ball pythons
  4 frilled lizards
  6 rats
73 creatures vanquished.

Vanquished Creatures (others)
  37 plants (D:2)
37 creatures vanquished.

Grand Total: 110 creatures vanquished

Notes
Turn   | Place    | Note
-------+----------+-------------------------------------------
     0 | D:1      | wakim the Kobold Brigand began the quest for the Orb.
     0 | D:1      | Reached XP level 1. HP: 12/12 MP: 1/1
    70 | D:1      | Reached XP level 2. HP: 17/17 MP: 2/2
   342 | D:1      | Reached XP level 3. HP: 21/22 MP: 3/3
  1352 | D:2      | Found a blossoming altar of Fedhas.
  1513 | D:2      | Reached XP level 4. HP: 19/27 MP: 4/4
  1705 | D:2      | Reached skill level 6 in Stealth
  1755 | D:2      | Found a bloodstained altar of Trog.
  2630 | D:3      | Reached XP level 5. HP: 24/31 MP: 5/5
  3704 | D:4      | Noticed Pikel
  3704 | D:4      | Noticed a lemure
  3704 | D:4      | Noticed a lemure
  3704 | D:4      | Noticed a lemure
  3704 | D:4      | Noticed a lemure
  3776 | D:3      | Slain by a lemure

Illustrated notes

Levels and vault maps discovered:
D:1:      tarquinn_simple_flora_water_c, layout_loops_corners
D:2:      wad_woods_stonehenge, layout_loops_cross,
          hangedman_abyss_or_decor_stabs, chequers_serial_rivers_small_a,
          fedhas_altar_2
D:3:      layout_basic, minmay_misc_feat_plants
D:4:      cheibrodos_barr_body, layout_basic, serial_shops, nicolae_shop_trees,
          dk_vineyard_2, uniq_pikel

Skill      XL: |  1  2  3  4  5 |
---------------+----------------+-----
Short Blades   | 3 4 |  4.3
Dodging        | 2 3 |  3.0
Stealth        | 6 |  6.5
Fighting       | |  2.8
Throwing       | |  2.1
Armour         | |  0.7

Action                   |  1- 3 |  4- 6 || total
-------------------------+-------+-------++-------
Melee: Dagger            |   115 |   152 ||   267
Throw: Dart              |     7 |    15 ||    22
  Use: Scroll            |     3 |       ||     3
 Stab: Sleeping          |    12 |    16 ||    28
       Distracted        |       |     1 ||     1
Armor: Robe              |    25 |    27 ||    52
Dodge: Dodged            |    65 |   119 ||   184

Table legend: (Time is in decaauts)
 A = Elapsed time spent in this place.
 B = Non-inter-level travel time spent in this place.
 C = Inter-level travel time spent in this place.
 D = Time resting spent in this place.
 E = Time spent auto-exploring this place.
 F = Levels seen in this place.
 G = Mean time per level.
                   A        B        C        D        E       F      G
               +--------+--------+--------+--------+--------+-----+--------+
         Total |   3728 |   3609 |    119 |    676 |   2280 |   4 |  932.0 |
       Dungeon |   3728 |   3609 |    119 |    676 |   2280 |   4 |  932.0 |
               +--------+--------+--------+--------+--------+-----+--------+

Top non-repeatable levels by time:
     D:1: 1338 daAuts
     D:3: 1267 daAuts
     D:2: 1119 daAuts
     D:4: 2 daAuts
